 Dungeon Crawl Stone Soup version 0.19.0-22-gd96e5fe (webtiles) character file.

133 Exaltedone87 the Sneak (level 5, -2/35 HPs)
             Began as an Octopode Assassin on Nov 18, 2016.
             Slain by a gnoll
             ... wielding a +0 halberd
              (9 damage)
             ... on level 3 of the Dungeon.
             The game lasted 00:07:28 (2598 turns).

Exaltedone87 the Sneak (Octopode Assassin)          Turns: 2598, Time: 00:07:28

Health: -2/35      AC:  1    Str: 10    XL:     5   Next: 16%
Magic:  5/5        EV: 14    Int: 14    God:
Gold:   92         SH:  0    Dex: 14    Spells: 1 memorised, 3 levels left

rFire  . . .     SeeInvis .     u - +2 dagger (chaos)
rCold  . . .     Gourm    .     (no shield)
rNeg   . . .     Faith    .     (helmet restricted)
rPois  .         Spirit   .     (no amulet)
rElec  .         Reflect  .     (no ring)
rCorr  .         Harm     .     (no ring)
MR     .....                    (no ring)
Stlth  ++++......               (no ring)
                                (no ring)
                                (no ring)
                                (no ring)
                                (no ring)

@: no status effects
A: almost no armour, stealthy swim, amphibious, 8 rings, constrict 8, camouflage
1, gelatinous body 1
a: no special abilities


You were on level 3 of the Dungeon.
You were not hungry.

You visited 1 branch of the dungeon, and saw 3 of its levels.

You collected 92 gold pieces.

Inventory:

Hand Weapons
 b - a +0 blowgun
 g - a +1 dagger of speed
 u - a +2 dagger of chaos (weapon)
Missiles
 c - 7 poisoned needles
 d - 2 curare-tipped needles
Wands
 a - a wand of iceblast (5/15)
Scrolls
 e - a scroll of remove curse {unknown}
 f - a scroll of enchant armour {unknown}
 h - 4 scrolls of identify {unknown}
 i - 2 scrolls of random uselessness {unknown}
 q - 2 scrolls of magic mapping {unknown}
Potions
 j - a potion of resistance {unknown}
 k - 3 potions of mutation {unknown}
 l - 2 potions of invisibility {unknown}
 m - a potion of brilliance {unknown}
 n - a potion of might {unknown}
 r - a potion of degeneration {unknown}
 t - a potion of ambrosia {unknown}
Books
 p - a book of Cantrips

   Spells                             Type                      Level
   a - Confusing Touch                Hexes                        1
   b - Animate Skeleton               Necromancy                   1
   c - Summon Small Mammal            Summoning                    1
   d - Apportation                    Translocation                1
Comestibles
 o - a beef jerky
 s - 2 fruits


   Skills:
 + Level 2.4 Fighting
 + Level 2.4 Short Blades
 + Level 2.7 Throwing
 * Level 2.5 Dodging
 + Level 6.7 Stealth


You had 3 spell levels left.
You knew the following spells:

 Your Spells              Type           Power        Failure   Level  Hunger
a - Confusing Touch       Hex            #.....       30%         1    ##.....


Dungeon Overview and Level Annotations

Branches:
Dungeon (3/15)

Altars:
Dithmenos
Fedhas
Trog
Xom


Innate Abilities, Weirdness & Mutations

You cannot wear most types of armour.
You are very stealthy in the water. (Stealth+)
You are amphibious.
You can wear up to eight rings at the same time.
You can use your tentacles to constrict eight enemies at once.
Your skin changes colour to match your surroundings (Stealth+).
Your rubbery body absorbs attacks. (AC +1, EV +1)


Message History

The frilled lizard hisses angrily.
The gnoll shouts!
The gnoll barely misses you.
The gnoll hits you from afar with a halberd!
You hit the gnoll but do no damage. You grab the gnoll.
You constrict the gnoll, but do no damage.
The gnoll closely misses you. The gnoll misses you.
You hit the gnoll but do no damage. You constrict the gnoll.
The gnoll completely misses you.
You hit the gnoll. You burn the gnoll.
The gnoll is moderately wounded.
You constrict the gnoll. The gnoll barely misses you.
The gnoll hits you but does no damage.
You hit the gnoll.
The gnoll is poisoned.
You squeeze the gnoll.
The gnoll is almost dead.
You constrict the gnoll.
You kill the gnoll!
The gnoll hits you from afar with a halberd!
* * * LOW HITPOINT WARNING * * *
The gnoll hits you with a halberd!
You die...

#........§#)#.....##.
###########.#........
#.#....#... #
###.#....# ..
#.#........# .
.####.#........[.
........##..#....
#####.#.# .......
#.#@# .#..... # #g#
.####### #.#
.##.⌠..## #l#
##.#⌠(≈.## #.#
#..#.)##.##
#g#####.≈#.≈#≈#
#.#.##.⌠≈.#..####
#.#.###..#≈..#..#
#.#.####.≈..#⌠###


You could see 2 gnolls and a frilled lizard.

Vanquished Creatures
  5 gnolls (D:3)
  An adder (D:2)
  An ooze (D:3)
  2 dart slugs (D:1)
  3 leopard geckos (D:2)
  A ball python (D:1)
  9 bats
  3 giant cockroaches
  6 goblins
  4 hobgoblins
  7 jackals
  2 kobolds
  3 frilled lizards
  17 rats
64 creatures vanquished.

Notes
Turn   | Place    | Note
-------+----------+-------------------------------------------
     0 | D:1      | Exaltedone87 the Octopode Assassin began the quest for the Orb.
     0 | D:1      | Reached XP level 1. HP: 14/14 MP: 1/1
    86 | D:1      | Reached XP level 2. HP: 14/19 MP: 2/2
   103 | D:1      | Reached skill level 6 in Stealth
   752 | D:1      | Reached XP level 3. HP: 15/24 MP: 3/3
  1329 | D:2      | Learned a level 1 spell: Confusing Touch
  1477 | D:2      | Found a blossoming altar of Fedhas.
  1486 | D:2      | Reached XP level 4. HP: 29/29 MP: 4/4
  1848 | D:2      | Found a faded altar of an unknown god.
  1978 | D:2      | Found a bloodstained altar of Trog.
  2098 | D:3      | Noticed a phantom
  2434 | D:3      | Found a shadowy altar of Dithmenos.
  2479 | D:3      | Found a shimmering altar of Xom.
  2496 | D:3      | Reached XP level 5. HP: 35/35 MP: 5/5
  2598 | D:3      | Slain by a gnoll

Skill      XL: |  1  2  3  4 |
---------------+-------------+-----
Stealth        | 6 |  6.7
Dodging        | 2 |  2.5
Fighting       | |  2.4
Short Blades   | |  2.4
Throwing       | |  2.7

Action                   |  1- 3 |  4- 6 || total
-------------------------+-------+-------++-------
Melee: Dagger            |    71 |    46 ||   117
       Constrict         |    21 |    14 ||    35
       Tentacles         |    14 |    11 ||    25
 Fire: Blowgun           |     4 |       ||     4
 Stab: Sleeping          |    13 |    10 ||    23
  Eat: Chunk             |     2 |       ||     2
       Bread ration      |       |     1 ||     1
       Beef jerky        |       |     1 ||     1
Armor: Skin              |     7 |     6 ||    13
Dodge: Dodged            |    32 |    26 ||    58
